 Dungeon Crawl Stone Soup version 0.17-a0-1554-g3b847ca (webtiles) character file.

116 mrath the Vexing (level 4, -10/31 HPs)
             Began as a Vampire Enchanter on July 20, 2015.
             Killed by divine providence
             ... invoked by an orc priest
              (16 damage)
             ... on level 3 of the Dungeon.
             The game lasted 00:22:19 (4056 turns).

mrath the Vexing (Vampire Enchanter)                Turns: 4056, Time: 00:22:19

Health: -10/31     AC:  3    Str:  7    XL:     4   Next: 69%
Magic:  8/8        EV: 13    Int: 18    God:
Gold:   123        SH:  0    Dex: 14    Spells: 2 memorised, 5 levels left

rFire  . . .     SeeInvis +     a - +1 dagger
rCold  . . .     Clarity  .     b - +1 robe
rNeg   + . .     SustAt   .     (no shield)
rPois  .         Gourm    .     (no helmet)
rElec  .         Spirit   .     (no cloak)
rCorr  .         Warding  .     (no gloves)
rMut   .         Stasis   .     (no boots)
MR     .....                    (no amulet)
Stlth  +++.......               (no ring)
                                (no ring)

@: not resistant to hostile enchantments, fairly stealthy
A: fangs 3, see invisible, unbreathing
a: Bat Form


You were on level 3 of the Dungeon.
You were not thirsty.

You visited 1 branch of the dungeon, and saw 3 of its levels.

You collected 123 gold pieces.

Inventory:

Hand weapons
 a - a +1 dagger (weapon)
 f - a +1 dagger of venom
 o - a +1 spear of piercing
 r - a +0 short sword of freezing
Missiles
 g - 49 stones (quivered)
 m - 9 steel sling bullets
 q - 10 bolts of flame
Armour
 b - a +1 robe (worn)
Scrolls
 e - a scroll of amnesia {unknown}
 i - a scroll of identify {unknown}
 j - a scroll of random uselessness {unknown}
 k - a scroll of teleportation {unknown}
 l - a scroll of magic mapping {unknown}
 n - 2 scrolls of remove curse
 p - a scroll of enchant weapon {unknown}
 t - a scroll of fog {unknown}
Potions
 d - 16 potions of blood
 h - 2 potions of haste {unknown}
 s - 2 potions of curing {unknown}
Books
 c - a book of Maledictions

   Spells                             Type                      Level
   a - Corona                         Hexes                        1
   b - Ensorcelled Hibernation        Hexes/Ice                    2
   c - Confuse                        Hexes                        3
   d - Tukima's Dance                 Hexes                        3
   e - Dazzling Spray                 Conjuration/Hexes            3


   Skills:
 + Level 0.6 Fighting
 + Level 1.5 Short Blades
 + Level 0.1 Throwing
 + Level 3.1 Dodging
 + Level 5.1 Stealth
 + Level 2.8 Spellcasting
 + Level 5.5 Hexes


You had 5 spell levels left.
You knew the following spells:

 Your Spells              Type           Power        Failure   Level  Hunger
a - Corona                Hex            ###....      1%          1    None
b - Ensorcelled Hibernat  Hex/Ice        ##....       12%         2    ##.....


Dungeon Overview and Level Annotations

Branches:
Dungeon (3/15)

Altars:


Innate Abilities, Weirdness & Mutations

You have razor-sharp teeth.
You have supernaturally acute eyesight.
You can survive without breathing.


Message History

Casting: Corona
Confirm with . or Enter, or press ? or * to list all spells.
Aiming: Corona
Press: ? - help, Shift-Dir - straight line, f - orc priest, p - orc
Aim: an orc priest, wielding a hand axe and wearing a scale mail (chance to defeat MR: 62%)
Okay, then.
Throwing (i - inventory):
g - 50 stones (quivered)
Press: ? - help, Shift-Dir - straight line, f/p - orc
Aim: an orc, wielding a mace (moderately wounded, softly glowing)
You throw a stone.
The stone hits the orc but does no damage.
The orc is moderately wounded.
The orc priest invokes the aid of Beogh against you.
Something smites you!
* * * LOW HITPOINT WARNING * * *
The orc stops glowing.
The orc priest invokes the aid of Beogh against you.
Something smites you!
Ouch! That really hurt!
You die...

######....#
##############.........#
..........(o(((..%.....#
....#..o######......####
# #.#.# #......# # #.#.#
#......# #.#.#.#
#......#
#....o######......#
###...@...))......#
#################


You could see an orc priest and an orc.

Vanquished Creatures
  A crimson imp (D:2)
  2 adders (D:2)
  2 worms
  3 giant geckos (D:2)
  2 orcs (D:3)
  6 bats
  2 giant cockroaches
  7 hobgoblins
  4 jackals (D:2)
  11 kobolds
  A ball python (D:2)
  5 giant newts
  6 goblins
  4 rats
56 creatures vanquished.

Notes
Turn   | Place    | Note
--------------------------------------------------------------
     0 | D:1      | mrath the Vampire Enchanter began the quest for the Orb.
     0 | D:1      | Reached XP level 1. HP: 13/13 MP: 3/3
   454 | D:1      | Reached XP level 2. HP: 19/19 MP: 5/5
  1019 | D:1      | Reached skill level 5 in Hexes
  1294 | D:1      | Learned a level 2 spell: Ensorcelled Hibernation
  1848 | D:2      | Reached XP level 3. HP: 17/25 MP: 4/6
  2258 | D:2      | Reached skill level 5 in Stealth
  2258 | D:2      | Reached XP level 4. HP: 21/31 MP: 4/8
  4056 | D:3      | Killed from afar by an orc priest

Vault maps used:
D:1:      lightli_arrival_maybe_door_vault
D:3:      first_bread, uniq_terence

Action                   |  1- 3 |  4- 6 || total
-------------------------+-------+-------++-------
Melee: Dagger            |   116 |   114 ||   230
Throw: Stone             |    10 |    13 ||    23
 Cast: Corona            |    24 |    27 ||    51
       Ensorcelled Hiber |     1 |       ||     1
  Use: Potion            |     4 |     5 ||     9
       Scroll            |       |     2 ||     2
 Stab: Sleeping          |     8 |     7 ||    15
